 Dungeon Crawl Stone Soup version 0.29-a0-2-g12fcac58f8 (webtiles) character file.

Game seed: 4569176001274468821

83 sanka the Nimble (level 4, 0/32 HPs)
             Began as a Gnoll Wanderer on Jan 26, 2022.
             Slain by a gnoll (5 damage)
             ... on level 2 of the Dungeon.
             The game lasted 00:03:31 (2417 turns).

sanka the Nimble (Gnoll Wanderer)                   Turns: 2417, Time: 00:03:31

Health: 0/32       AC:  4    Str:  8    XL:     4   Next: 44%
Magic:  0/8        EV: 16    Int: 13    God:
Gold:   116        SH:  0    Dex: 15    Spells: 8/9 levels left

rFire   . . .      SeeInvis .   l - +0 long sword
rCold   . . .      Faith    .   (no shield)
rNeg    . . .      Spirit   +   d - +0 leather armour
rPois   .          Reflect  .   (no helmet)
rElec   .          Harm     .   (no cloak)
rCorr   .          Rampage  .   h - +0 pair of gloves
Will    .....                   (no boots)
Stlth   ++........              o - amulet of guardian spirit
HPRegen 0.10/turn               (no ring)
MPRegen 0.11/turn               (no ring)

@: no status effects
A: fangs 1, strong nose, distributed training
a: no special abilities


You were on level 2 of the Dungeon.
You visited 1 branch of the dungeon, and saw 2 of its levels.

You collected 116 gold pieces.


Innate Abilities, Weirdness & Mutations

You have very sharp teeth.
Your uncanny sense of smell can sniff out nearby items.
Your experience applies equally to all skills.


   Skills:
 + Level 1.1 Fighting
 + Level 1.1 Short Blades
 + Level 1.1 Long Blades
 + Level 1.1 Axes
 + Level 1.1 Maces & Flails
 + Level 1.1 Polearms
 + Level 1.1 Staves
 + Level 1.1 Slings
 + Level 1.1 Bows
 + Level 1.1 Crossbows
 + Level 1.1 Throwing
 + Level 1.1 Armour
 + Level 10.4 Dodging
 + Level 2.5 Stealth
 + Level 1.1 Shields
 + Level 1.1 Unarmed Combat
 + Level 3.0 Spellcasting
 + Level 3.8 Conjurations
 + Level 0.9 Hexes
 + Level 0.9 Summonings
 + Level 0.9 Necromancy
 + Level 0.9 Translocations
 + Level 0.9 Transmutations
 + Level 0.9 Fire Magic
 + Level 0.9 Ice Magic
 + Level 0.9 Air Magic
 + Level 0.9 Earth Magic
 + Level 0.9 Poison Magic
 + Level 1.2 Invocations
 + Level 2.7 Evocations


You had 8 spell levels left.
You knew the following spells:

 Your Spells              Type           Power      Damage    Failure   Level
z - Magic Dart            Conj           48%        1d5       7%          1

Your spell library contained the following spells:

 Spells                   Type           Power      Damage    Failure   Level
 Dazzling Flash           Conj/Hex       16%        N/A       36%         3

Inventory:

Hand Weapons
 a - a +0 dagger
 l - a +0 long sword (weapon)
Missiles
 b - a throwing net {=f}
 e - 3 javelins
Armour
 d - a +0 leather armour (worn)
 h - a +0 pair of gloves (worn)
Jewellery
 o - an amulet of guardian spirit (around neck)
Scrolls
 c - 2 scrolls of fog
 g - a scroll of vulnerability {unknown}
 j - a scroll of amnesia {unknown}
 k - a scroll of enchant weapon {unknown}
 m - a scroll of identify {unknown}
Potions
 f - a potion of resistance {unknown}
 i - a potion of brilliance {unknown}
 n - 2 potions of lignification {unknown}

Dungeon Overview and Level Annotations

Branches:
Dungeon (2/15)

Altars:

Shops:
D:1

( ..▒ ▒▒▒▒▒ ..+ ...▒
..▒▒▒▒▒▒▒.▒▒▒▒▒▒▒▒▒▒
..▒▒...............▒
..▒▒.▒▒▒▒.▒▒▒▒▒▒▒▒.▒
..▒▒.▒▒▒▒.▒ ▒.▒
..g.....▒.▒ ▒.▒
▒▒▒▒▒▒▒.▒.▒▒▒▒▒▒▒▒.▒
.......>.......gg..▒
▒▒▒▒▒...▒.▒▒▒▒▒▒▒▒▒▒
..▒ ▒...▒.▒ ▒.▒▒▒...▒.▒
▒.......▒.▒
▒..▒▒.▒.▒.▒▒▒▒▒▒▒▒▒▒▒▒
▒...▒.▒.▒............▒
▒...▒.▒.▒.▒▒▒▒▒▒▒▒▒▒.▒
▒...▒.▒.▒▒▒▒▒▒▒▒▒▒▒▒.▒▒


You could see a gnoll.


Message History

The gnoll closely misses you. The gnoll misses you.
You slash the gnoll!
You kill the gnoll!
You closely miss the gnoll. The gnoll hits you with a +0 flail!
* * * LOW HITPOINT WARNING * * *
You barely miss the gnoll. The gnoll misses you.
The gnoll completely misses you.
You hit the gnoll.
The gnoll is lightly wounded.
The gnoll hits you with a +0 flail.
* * * LOW HITPOINT WARNING * * *
You hit the gnoll but do no damage.
The gnoll is lightly wounded.
The gnoll closely misses you.
You barely miss the gnoll.
The gnoll is lightly wounded.
The gnoll completely misses you. The gnoll barely misses you.
You hit the gnoll but do no damage. You bite the gnoll, but do no damage.
The gnoll is lightly wounded.
The gnoll hits you with a +0 flail!
* * * LOW HITPOINT WARNING * * *
You barely miss the gnoll.
The gnoll is lightly wounded.
The gnoll hits you with a +0 flail.
You die...

Action                   |  1- 3 |  4- 6 || total
-------------------------+-------+-------++-------
Melee: Dagger            |    77 |       ||    77
       Bite              |     7 |     1 ||     8
       Punch             |     1 |       ||     1
       Long sword        |     3 |     8 ||    11
Throw: Throwing net      |     1 |       ||     1
 Cast: Magic Dart        |    81 |     9 ||    90
Armor: Leather armour    |    14 |       ||    14
Dodge: Dodged            |    96 |    10 ||   106

Levels and vault maps discovered:
D:1:      lightli_arrival_boilingwater, layout_basic, serial_shops,
          nicolae_shop_crystal
D:2:      layout_basic

Notes
Turn   | Place    | Note
-------+----------+-------------------------------------------
     0 | D:1      | Reached skill level 10 in Dodging
     0 | D:1      | sanka the Gnoll Wanderer began the quest for the Orb.
     0 | D:1      | sanka set off with the following items: a +0 dagger, 2
                  | throwing nets {=f}, a scroll of fog, a +0 leather armour;
                  | and the following spell memorised: Magic Dart; and the
                  | following spells available to memorise: Dazzling Flash
     0 | D:1      | Reached XP level 1. HP: 13/13 MP: 4/4
   376 | D:1      | Reached XP level 2. HP: 17/19 MP: 0/5
   924 | D:1      | Reached XP level 3. HP: 5/25 MP: 0/7
  1582 | D:2      | Reached skill level 1 in Invocations
  1852 | D:1      | Reached skill level 1 in Fighting
  1852 | D:1      | Reached skill level 1 in Short Blades
  1852 | D:1      | Reached skill level 1 in Long Blades
  1852 | D:1      | Reached skill level 1 in Axes
  1852 | D:1      | Reached skill level 1 in Maces & Flails
  1852 | D:1      | Reached skill level 1 in Polearms
  1852 | D:1      | Reached skill level 1 in Staves
  1852 | D:1      | Reached skill level 1 in Slings
  1852 | D:1      | Reached skill level 1 in Bows
  1852 | D:1      | Reached skill level 1 in Crossbows
  1852 | D:1      | Reached skill level 1 in Throwing
  1852 | D:1      | Reached skill level 1 in Armour
  1852 | D:1      | Reached skill level 1 in Shields
  1852 | D:1      | Reached skill level 1 in Unarmed Combat
  1913 | D:1      | Found Raliaz's Weapon Shop.
  2329 | D:2      | Reached XP level 4. HP: 32/32 MP: 2/8
  2406 | D:2      | Reached skill level 3 in Spellcasting
  2417 | D:2      | Slain by a gnoll

Vanquished Creatures
  3 gnolls
  2 adders (D:2)
  A ball python (D:2)
  2 bats (D:1)
  2 endoplasms
  4 hobgoblins
  3 jackals (D:1)
  4 kobolds
  4 quokkas
  3 frilled lizards
  2 goblins (D:1)
  4 rats
34 creatures vanquished.
